 Dungeon Crawl Stone Soup version 0.30-a0-728-gc68057be0a (webtiles) character file.

Game seed: 958114973946615469

35 scionoferis the Vexing (level 3, -2/28 HPs)
             Began as a Demigod Hexslinger on Jan 30, 2023.
             Slain by Natasha (7 damage)
             ... on level 2 of the Dungeon.
             The game lasted 00:02:40 (1012 turns).

scionoferis the Vexing (Demigod Hexslinger)         Turns: 1012, Time: 00:02:41

Health: -2/28      AC:  5    Str: 11    XL:     3   Next: 4%
Magic:  6/6        EV: 12    Int: 15    God:
Gold:   27         SH:  6    Dex: 18    Spells: 3/4 levels left

rFire   . . .      SeeInvis .    a - +1 sling
rCold   . . .      Faith    .    e - +2 buckler {AC+3}
rNeg    . . .      Spirit   .    c - +0 robe
rPois   .          Reflect  .    (no helmet)
rElec   .          Harm     .    (no cloak)
rCorr   .          Rampage  .    (no gloves)
Will    .....                    (no boots)
Stlth   ++                       (no amulet)
HPRegen 0.24/turn                (no ring)
MPRegen 0.10/turn                (no ring)

@: no status effects
A: high MP 1, forlorn, divine attributes
a: no special abilities


You were on level 2 of the Dungeon.
You visited 1 branch of the dungeon, and saw 2 of its levels.

You collected 87 gold pieces.
You spent 60 gold pieces at shops.


Innate Abilities, Weirdness & Mutations

You have an increased reservoir of magic. (+10% MP)
You shall have no god before yourself.
Your divine heritage dramatically boosts your attributes as you level up.


   Skills:
 + Level 1.3 Fighting
 * Level 2.3 Ranged Weapons
 * Level 2.3 Dodging
 + Level 0.9 Stealth
 - Level 1.0 Spellcasting
 - Level 2.6 Hexes


You had 3 spell levels left.
You knew the following spells:

 Your Spells              Type           Power      Damage    Failure   Level
a - Slow                  Hex            32%        N/A       11%         1

Your spell library contained the following spells:

 Spells                   Type           Power      Damage    Failure   Level
 Inner Flame              Hex/Fire       4%         N/A       50%         3
 Portal Projectile        Hex/Tloc       8%         N/A       50%         3
 Cause Fear               Hex            4%         N/A       73%         4

Inventory:

Hand Weapons
 a - a +1 sling (weapon)
 j - a +0 short sword of holy wrath
   (You took it off a kobold on level 1 of the Dungeon)
Missiles
 i - 2 poisoned darts
Armour
 c - a +0 robe (worn)
 e - a +2 buckler of protection (worn)
   (You found it on level 1 of the Dungeon)
Scrolls
 b - 2 scrolls of poison
 d - a scroll of magic mapping {unknown}
 l - a scroll of noise
 m - a scroll of teleportation
 n - 2 scrolls of identify
Potions
 f - a potion of lignification {unknown}
 g - a potion of heal wounds {unknown}
 h - a potion of attraction {unknown}
 k - a potion of degeneration {unknown}

Dungeon Overview and Level Annotations

Branches:
Dungeon (2/15)

Shops:
D:1 ?

Annotations:
D:2 Natasha

#.......#
#..)....#
##.....## #
##.†.## #.
###.# #.#####
#.# .....#
#.# ##J#.#
#.# #@5..#
#.# #h#.#.##
#.#
#.##.#..###.#
#.#
#.#.#.##)# #.
#........# .
......#.####
. #.#####.##
#. # #.# ..#


You could see Natasha, a crimson imp (summoned) and an endoplasm.


Message History

Welcome, scionoferis the Demigod Hexslinger.
If you return without finding the Orb of Zot, so far below, it's all over!
Press ? for a list of commands and other information.
Found a staircase leading out of the dungeon.
You open the door.
There is an open door here.
There is an open door here.
You open the large door.
There is a large open door here.
You now have 6 gold pieces.
d - a scroll labelled RUPHOA KUABANG You see here a +2 buckler of protection.
Okay, then.
e - a +2 buckler of protection You start putting on your armour.
You continue putting on your +2 buckler of protection. x4
You finish putting on your +2 buckler of protection.
You feel protected.
A quokka comes into view.
You shoot a sling bullet. The sling bullet hits the quokka.
The quokka is lightly wounded.
You shoot a sling bullet.
The sling bullet completely misses the quokka.
The quokka bites you.
You shoot a sling bullet.
The sling bullet closely misses the quokka.
The quokka closely misses you.
You shoot a sling bullet.
The sling bullet closely misses the quokka.
The quokka bites you but does no damage. x2
You shoot a sling bullet.
The sling bullet closely misses the quokka.
The quokka bites you. You block the quokka's attack.
You shoot a sling bullet. The sling bullet hits the quokka.
You kill the quokka!
No target in view!
HP restored.
A frilled lizard comes into view.
You shoot a sling bullet.
The sling bullet hits the frilled lizard.
You kill the frilled lizard!
You hear a shout!
No target in view!
No target in view!
A hobgoblin comes into view.
The hobgoblin shouts!
You hear a shout! x2
You shoot a sling bullet.
The sling bullet closely misses the hobgoblin.
You shoot a sling bullet. The sling bullet hits the hobgoblin.
You kill the hobgoblin!
A hobgoblin comes into view.
You shoot a sling bullet.
The sling bullet closely misses the hobgoblin.
You shoot a sling bullet.
The sling bullet barely misses the hobgoblin.
The hobgoblin hits you.
You shoot a sling bullet. The sling bullet hits the hobgoblin.
The hobgoblin is heavily wounded.
The hobgoblin closely misses you.
A goblin comes into view. It is wielding a +0 club.
You shoot a sling bullet.
The sling bullet hits the hobgoblin but does no damage.
The hobgoblin is heavily wounded.
The hobgoblin hits you but does no damage.
There are monsters nearby!
You shoot a sling bullet. The sling bullet hits the hobgoblin.
The hobgoblin is severely wounded.
The hobgoblin misses you.
You shoot a sling bullet.
The sling bullet hits the hobgoblin but does no damage.
The hobgoblin is severely wounded.
The hobgoblin hits you but does no damage.
The goblin hits you but does no damage.
You shoot a sling bullet.
The sling bullet barely misses the hobgoblin.
You block the goblin's attack. You block the hobgoblin's attack.
The goblin closely misses you. The hobgoblin barely misses you.
You shoot a sling bullet. The sling bullet hits the hobgoblin.
You kill the hobgoblin!
The goblin barely misses you.
Your Fighting skill increases to level 1!
You shoot a sling bullet.
The sling bullet closely misses the goblin.
The goblin hits you with a +0 club.
You shoot a sling bullet.
The sling bullet barely misses the goblin.
The goblin barely misses you. The goblin hits you with a +0 club.
You shoot a sling bullet.
The sling bullet completely misses the goblin.
The goblin hits you but does no damage.
You shoot a sling bullet. The sling bullet hits the goblin.
The goblin is heavily wounded.
The goblin hits you with a +0 club.
You are too injured to fight recklessly!
You are too injured to fight recklessly!
You are too injured to fight recklessly!
Fire: a) +1 sling
Press: ? - help, Q - select action, (/) - cycle Shift-Dir - straight line, f/p - goblin
Aim: a goblin, wielding a +0 club (moderately wounded, 47% to hit)
You shoot a sling bullet. The sling bullet hits the goblin.
The goblin is severely wounded.
The goblin hits you with a +0 club. The goblin hits you but does no damage.
Fire: a) +1 sling
Press: ? - help, Q - select action, (/) - cycle Shift-Dir - straight line, f/p - goblin
Aim: a goblin, wielding a +0 club (severely wounded, 47% to hit)
You shoot a sling bullet. The sling bullet hits the goblin.
You kill the goblin!
Your Ranged Weapons skill increases to level 2!
Your Dodging skill increases to level 2!
f - a fuming orange potion
Things that are here:
a +0 club; a goblin corpse You see here a hobgoblin corpse.
Found a leather armour.
A goblin comes into view. It is wielding a +0 dagger.
Found a golden potion.
You shoot a sling bullet. The sling bullet hits the goblin!
You kill the goblin!
No target in view!
No target in view!
No target in view!
g - a golden potion
Found a stone staircase leading down.
b - 2 scrolls of poison (gained 1)
Found a ring mail.
Found 8 stones.
A hobgoblin and a rat come into view.
The hobgoblin shouts!
You shoot a sling bullet.
The sling bullet barely misses the hobgoblin.
You shoot a sling bullet.
The sling bullet hits the hobgoblin but does no damage.
You shoot a sling bullet.
The sling bullet closely misses the hobgoblin.
The hobgoblin hits you but does no damage.
You shoot a sling bullet.
The sling bullet completely misses the hobgoblin.
The hobgoblin hits you but does no damage.
The hobgoblin misses you.
You shoot a sling bullet. The sling bullet hits the hobgoblin.
The hobgoblin is almost dead.
The hobgoblin barely misses you.
You shoot a sling bullet. The sling bullet hits the hobgoblin.
You kill the hobgoblin!
You shoot a sling bullet.
The sling bullet hits the rat but does no damage.
The rat barely misses you. The rat bites you but does no damage.
You shoot a sling bullet.
The sling bullet hits the rat but does no damage.
The rat barely misses you.
You shoot a sling bullet.
The sling bullet closely misses the rat.
You block the rat's attack.
You shoot a sling bullet.
The sling bullet closely misses the rat.
The rat bites you. The rat bites you but does no damage.
You shoot a sling bullet. The sling bullet hits the rat.
You kill the rat!
No target in view!
Things that are here:
a rat corpse; a hobgoblin corpse
Found an escape hatch in the floor.
No target in view!
A quokka comes into view.
You shoot a sling bullet.
The sling bullet hits the quokka but does no damage.
You shoot a sling bullet. The sling bullet hits the quokka.
You kill the quokka!
You have reached level 2!
You now have 19 gold pieces (gained 13).
h - a brown potion A rat comes into view.
You shoot a sling bullet. The sling bullet hits the rat.
The rat is heavily wounded.
You shoot a sling bullet.
The sling bullet closely misses the rat.
You shoot a sling bullet. The sling bullet hits the rat!
You kill the rat!
No target in view!
You open the door.
A goblin comes into view. It is wielding a +0 club.
You shoot a sling bullet. The sling bullet hits the goblin.
You kill the goblin!
No target in view!
No target in view!
Found a dagger.
An endoplasm comes into view.
Found a stone staircase leading down.
You shoot a sling bullet.
The sling bullet hits the endoplasm but does no damage.
You shoot a sling bullet. The sling bullet hits the endoplasm!
You kill the endoplasm!
No target in view!
No target in view!
You now have 29 gold pieces (gained 10).
There is a stone staircase leading down here.
An endoplasm comes into view.
You shoot a sling bullet. The sling bullet hits the endoplasm.
The endoplasm quivers.
The endoplasm is lightly wounded.
You shoot a sling bullet. The sling bullet hits the endoplasm.
The endoplasm is almost dead.
You shoot a sling bullet. The sling bullet hits the endoplasm.
You kill the endoplasm!
No target in view!
You enter the shallow water.
Moving in this stuff is going to be slow.
Found a leather armour.
You see here a +0 leather armour.
Found 2 poisoned darts.
You see here 2 poisoned darts.
You open the door.
A kobold comes into view. It is wielding a +0 club.
There are no items here.
You shoot a sling bullet. The sling bullet hits the kobold.
The kobold shouts!
The kobold is moderately wounded.
The kobold throws a stone.
The stone hits you but does no damage.
You shoot a sling bullet. The sling bullet hits the kobold.
You kill the kobold!
No target in view!
No target in view!
Search for what [? for help]? dart You see here 2 poisoned darts.
i - 2 poisoned darts A kobold comes into view.
It is wielding a +0 short sword of holy wrath.
You shoot a sling bullet. The kobold shouts!
The sling bullet hits the kobold.
You kill the kobold!
No target in view!
No target in view!
Things that are here:
a +0 short sword of holy wrath; a stone; a kobold corpse
j - a +0 short sword of holy wrath
k - a ruby potion You now have 43 gold pieces (gained 14).
A hobgoblin and an endoplasm come into view.
You shoot a sling bullet. The sling bullet hits the endoplasm.
The endoplasm quivers.
The endoplasm is heavily wounded.
You hear an angry hiss.
The hobgoblin shouts!
You shoot a sling bullet.
The sling bullet barely misses the hobgoblin.
A rat comes into view.
A ball python comes into view.
You shoot a sling bullet.
The sling bullet hits the ball python but does no damage.
You shoot a sling bullet. The sling bullet hits the ball python.
You kill the ball python!
You shoot a sling bullet. The sling bullet hits the endoplasm.
The endoplasm is severely wounded.
The endoplasm freezes you.
You are frozen.
The endoplasm hits you but does no damage.
You shoot a sling bullet. The sling bullet hits the endoplasm.
You kill the endoplasm!
You shoot a sling bullet. The sling bullet hits the hobgoblin.
You kill the hobgoblin!
You shoot a sling bullet. The sling bullet hits the rat.
You kill the rat!
No target in view!
You see here a ball python corpse.
Found a robe.
You now have 60 gold pieces (gained 17).
A bat comes into view.
You see here 12 gold pieces.
You now have 72 gold pieces (gained 12).
You shoot a sling bullet.
The sling bullet closely misses the bat.
The bat hits you. x2; You block the bat's attack.
You shoot a sling bullet. The sling bullet hits the bat.
You kill the bat!
No target in view!
No target in view!
You see here a +0 robe.
You open the door.
A rat, a frilled lizard and a jackal come into view.
The jackal barks!
The frilled lizard hisses angrily.
A jackal comes into view.
The rat moves out of view.
You shoot a sling bullet. The jackal barks!
The sling bullet hits the jackal.
The jackal is almost dead.
You shoot a sling bullet.
The sling bullet hits the frilled lizard.
You kill the frilled lizard!
You shoot a sling bullet.
The sling bullet barely misses the jackal.
The jackal completely misses you.
The jackal bites you but does no damage.
You shoot a sling bullet. The sling bullet hits the jackal.
You kill the jackal!
The rat barely misses you.
You shoot a sling bullet. The sling bullet hits the rat.
You kill the rat!
The jackal misses you.
You shoot a sling bullet.
The sling bullet closely misses the jackal.
The jackal bites you but does no damage.
You block the jackal's attack.
You shoot a sling bullet. The sling bullet hits the jackal.
You kill the jackal!
No target in view!
No target in view!
There is an open door here.
Things that are here:
a rat corpse; a jackal corpse You open the door.
There is an open door here.
Found a stone staircase leading down.
Found Yzithenn's Magic Scroll Emporium.
There is an entrance to Yzithenn's Magic Scroll Emporium here.
l - a scroll of noise;
m - a scroll of teleportation;
n - a scroll of identify Thank you for shopping at Yzithenn's Magic Scroll Emporium!
A dart slug comes into view.
You shoot a sling bullet. The sling bullet hits the dart slug.
The dart slug is heavily wounded.
The dart slug launches a dart at you. The slug dart misses you.
You shoot a sling bullet.
The sling bullet hits the dart slug but does no damage.
The dart slug is heavily wounded.
You shoot a sling bullet.
The sling bullet hits the dart slug but does no damage.
The dart slug is heavily wounded.
You shoot a sling bullet. The sling bullet hits the dart slug.
The dart slug is severely wounded.
You shoot a sling bullet. The sling bullet hits the dart slug.
You kill the dart slug!
No target in view!
A hobgoblin comes into view.
You shoot a sling bullet.
The sling bullet hits the hobgoblin but does no damage.
The hobgoblin shouts!
You shoot a sling bullet.
The sling bullet closely misses the hobgoblin.
You shoot a sling bullet.
The sling bullet barely misses the hobgoblin.
You shoot a sling bullet. The sling bullet hits the hobgoblin!
You kill the hobgoblin!
No target in view!
n - 2 scrolls of identify (gained 1)
There is a stone staircase leading down here.
You open the large door.
You see here a +0 leather armour.
You now have 18 gold pieces (gained 6).
There is a large open door here.
You open the door.
There is a large open door here.
You see here a ball python skeleton.
There is an open door here.
Things that are here:
a rat skeleton; a jackal skeleton
There is an open door here.
Partly explored, can't reach some places.
There is an entrance to Yzithenn's Magic Scroll Emporium here.
There is a large open door here.
There is an open door here.
Fire: a) +1 sling
Press: ? - help, Q - select action, (/) - cycle Shift-Dir - straight line, f - plant
Aim: a plant (98% to hit)
You shoot a sling bullet. The sling bullet hits the plant.
The plant begins to die.
The plant is lightly damaged.
Fire: a) +1 sling
Press: ? - help, Q - select action, (/) - cycle Shift-Dir - straight line, f/p - plant
Aim: a plant (lightly damaged, withering away, 98% to hit)
You shoot a sling bullet. The sling bullet hits the plant.
The plant is lightly damaged.
A nearby plant withers and dies.
Fire: a) +1 sling
Press: ? - help, Q - select action, (/) - cycle Shift-Dir - straight line, f - you
Okay, then.
Done exploring.
There is an open door here.
There is a large open door here.
There is a stone staircase leading down here.
You climb downwards.
There is a stone staircase leading up here.
A goblin comes into view. It is wielding a +0 dagger.
You shoot a sling bullet. The sling bullet hits the goblin.
You kill the goblin!
You hear a shout!
A kobold comes into view. It is wielding a +0 short sword.
You have reached level 3!
Your experience leads to a dramatic increase in your attributes!
Increase (S)trength, (I)ntelligence, or (D)exterity?
You feel agile. x4
You shoot a sling bullet. The sling bullet hits the kobold.
You kill the kobold!
No target in view!
No target in view!
No target in view!
A ball python comes into view.
You shoot a sling bullet. The ball python hisses angrily.
The sling bullet hits the ball python!
You kill the ball python!
No target in view!
No target in view!
You now have 27 gold pieces (gained 9).
Found a dagger.
You see here a +0 dagger.
Natasha, Servant of Life and Death comes into view.
You shoot a sling bullet. The sling bullet hits Natasha!
Natasha hisses angrily.
Natasha is severely wounded.
Natasha mumbles some strange words.
You shoot a sling bullet.
The sling bullet hits the crimson imp but does no damage.
You shoot a sling bullet.
The sling bullet barely misses the crimson imp.
The sling bullet barely misses Natasha.
The crimson imp hits you but does no damage.
You shoot a sling bullet. The sling bullet hits the crimson imp!
The crimson imp is severely wounded.
The crimson imp hits you but does no damage. x2
You shoot a sling bullet. The sling bullet hits the crimson imp.
The crimson imp is almost dead.
Natasha casts a spell.
The crimson imp hits you.
You shoot a sling bullet.
The sling bullet barely misses the crimson imp.
The sling bullet hits Natasha.
Natasha is severely wounded.
The crimson imp blinks! x2
You shoot a sling bullet.
The sling bullet hits Natasha but does no damage.
Natasha is severely wounded.
An endoplasm comes into view.
The crimson imp hits you but does no damage.
Natasha claws you. The endoplasm barely misses you.
You shoot a sling bullet.
The sling bullet closely misses Natasha.
The crimson imp misses you.
Natasha stares at you and mumbles some strange words.
The magic dart hits you! The endoplasm freezes you.
You are frozen.
The crimson imp barely misses you. Natasha claws you.
* * * LOW HITPOINT WARNING * * *
You are too injured to fight recklessly!
Fire: a) +1 sling
Press: ? - help, Q - select action, (/) - cycle Shift-Dir - straight line, f/p - Natasha
Aim: Natasha (severely wounded, 53% to hit)
You shoot a sling bullet. The sling bullet barely misses Natasha.
The endoplasm hits you.
* * * LOW HITPOINT WARNING * * *
The crimson imp closely misses you. Natasha claws you!
You die...

Skill      XL: |  1 |
---------------+----+-----
Fighting       | 1 |  1.3
Ranged Weapons | 2 |  2.3
Dodging        | 2 |  2.3
Stealth        | |  0.9
Spellcasting   | |  1.0
Hexes          | |  2.6

Action                     || total
---------------------------++-------
   Fire: Sling             ||    89
 Armour: Robe              ||    19
  Dodge: Dodged            ||    19
  Block: Buckler           ||     6

Levels and vault maps discovered:
D:1:      denvon_arrival_planthouse, layout_basic, serial_shops, shop,
          minmay_crystal_water
D:2:      layout_loops_ring, minmay_pentomino_o2, uniq_natasha

Notes
Turn   | Place    | Note
-------+----------+-------------------------------------------
     0 | D:1      | scionoferis the Demigod Hexslinger began the quest for the
                  | Orb.
     0 | D:1      | Reached XP level 1. HP: 15/15 MP: 4/4
   108 | D:1      | Reached skill level 1 in Fighting
   114 | D:1      | Reached skill level 2 in Ranged Weapons
   114 | D:1      | Reached skill level 2 in Dodging
   221 | D:1      | Reached XP level 2. HP: 23/23 MP: 5/5
   623 | D:1      | Found Yzithenn's Magic Scroll Emporium.
   630 | D:1      | Bought a scroll of noise for 10 gold pieces
   630 | D:1      | Bought a scroll of teleportation for 30 gold pieces
   630 | D:1      | Bought a scroll of identify for 20 gold pieces
   971 | D:2      | Reached XP level 3. HP: 28/28 MP: 6/6
  1003 | D:2      | Noticed Natasha
  1012 | D:2      | Slain by Natasha

Vanquished Creatures
  A dart slug (D:1)
  2 ball pythons (D:1 D:2)
  3 endoplasms (D:1)
  4 goblins (D:1 D:2)
  5 hobgoblins (D:1)
  2 jackals (D:1)
  2 quokkas (D:1)
  A bat (D:1)
  2 frilled lizards (D:1)
  3 kobolds (D:1 D:2)
  4 rats (D:1)
29 creatures vanquished.

Vanquished Creatures (others)
  A plant (D:1)
1 creature vanquished.

Grand Total: 30 creatures vanquished

Table legend: (Time is in decaauts)
 A = Elapsed time spent in this place.
 B = Non-inter-level travel time spent in this place.
 C = Inter-level travel time spent in this place.
 D = Time resting spent in this place.
 E = Time spent auto-exploring this place.
 F = Levels seen in this place.
 G = Mean time per level.
                   A        B        C        D        E       F      G
               +--------+--------+--------+--------+--------+-----+--------+
         Total |   1043 |    910 |    133 |      0 |    736 |   2 |  521.5 |
       Dungeon |   1043 |    910 |    133 |      0 |    736 |   2 |  521.5 |
               +--------+--------+--------+--------+--------+-----+--------+

Top non-repeatable levels by time:
     D:1: 995 daAuts
     D:2: 47 daAuts

Table legend:
 A = Non-vault XP
 B = Vault XP
 C = Vault XP percentage of total XP
 D = Non-vault monster count
 E = Vault monster count
 F = Vault count percentage of total count
                 A         B        C        D         E       F
            +---------+---------+-------+---------+---------+-------
      Total |      51 |       0 |   0.0 |      29 |       0 |   0.0
            +---------+---------+-------+---------+---------+-------
        D:1 |      46 |       0 |   0.0 |      26 |       0 |   0.0
        D:2 |       5 |       0 |   0.0 |       3 |       0 |   0.0
            +---------+---------+-------+---------+---------+-------
